 Dungeon Crawl Stone Soup version 0.25.1-1-g288607f5aa (webtiles) character file.

Game seed: 13853009822281099676

252 Jujuru the Cudgeler (level 5, -6/47 HPs)
             Began as a Minotaur Fighter on July 25, 2020.
             Mangled by an orc wizard
             ... wielding a +2 dagger of electrocution
              (9 damage)
             ... on level 4 of the Dungeon.
             The game lasted 00:05:23 (2989 turns).

Jujuru the Cudgeler (Minotaur Fighter)              Turns: 2989, Time: 00:05:23

Health: -6/47      AC: 11    Str: 26    XL:     5   Next: 89%
Magic:  0/4        EV:  8    Int:  5    God:
Gold:   164        SH: 10    Dex: 11    Spells: 4/4 levels left

rFire    . . .     SeeInvis .   a - +0 flail
rCold    . . .     Gourm    .   c - +0 kite shield
rNeg     . . .     Faith    .   b - +0 scale mail
rPois    .         Spirit   +   (helmet restricted)
rElec    .         Reflect  .   (no cloak)
rCorr    .         Harm     .   (no gloves)
MR       .....                  (no boots)
Stlth    ..........             s - amulet of guardian spirit
HPRegen  0.15/turn              v - +4 ring of protection
MPRegen  0.09/turn              x - +6 ring of strength

@: no status effects
A: retaliatory headbutt, horns 2
a: no special abilities


You were on level 4 of the Dungeon.
You were not hungry.

You visited 1 branch of the dungeon, and saw 4 of its levels.

You collected 164 gold pieces.

Inventory:

Hand Weapons
 a - a +0 flail (weapon)
Missiles
 o - 97 stones (quivered)
Armour
 b - a +0 scale mail (worn)
 c - a +0 kite shield (worn)
 t - a +0 tower shield
Jewellery
 s - an amulet of guardian spirit (around neck)
 v - a +4 ring of protection (left hand)
 x - a +6 ring of strength (right hand)
Wands
 q - a wand of flame (20)
Scrolls
 h - 6 scrolls of identify {unknown}
 p - 2 scrolls of fog {unknown}
 r - 2 scrolls of teleportation {unknown}
 u - a scroll of remove curse {unknown}
Potions
 d - 2 potions of might
 e - 4 potions of curing {unknown}
 g - a potion of berserk rage {unknown}
 i - a potion of flight {unknown}
 j - a potion of haste {unknown}
 k - a potion of brilliance {unknown}
 l - a potion of stabbing {unknown}
 n - 2 potions of lignification {unknown}
 w - a potion of invisibility {unknown}
Comestibles
 f - 9 rations
 m - a chunk of flesh


   Skills:
 + Level 4.8 Fighting
 * Level 5.0 Maces & Flails
 + Level 4.8 Armour
 + Level 4.8 Shields


You had 4 spell levels left.
You didn't know any spells.
Your spell library was empty.

Dungeon Overview and Level Annotations

Branches:
Dungeon (4/15)
 Temple: D:4-7

Altars:
Hepliaklqana
Vehumet
The Shining One


Innate Abilities, Weirdness & Mutations

You reflexively headbutt those who attack you in melee.
You have a pair of horns on your head.


Message History

You hear some strange, mumbled words.
A magic dart appears from out of thin air!
The magic dart hits you but does no damage.
You block the orc's attack.
You miss something. Something hits you but does no damage.
You are electrocuted!
* * * LOW HITPOINT WARNING * * *
You block the orc's attack.
You miss something. Something hits you but does no damage.
You block the orc's attack.
You miss something.
You hear some strange, mumbled words.
A puff of flame appears from out of thin air!
The puff of flame hits you.
* * * LOW HITPOINT WARNING * * *
You block the orc's attack. Something hits you but does no damage.
You completely miss something. You block the orc's attack. Something hits you.
* * * LOW HITPOINT WARNING * * *
You are electrocuted!
You die...

#. ###.# #. ....!#
#.####..(..#
.......#..# .........#
###........# #
#........... #.# ##.
#.......#
...##..##@##.#...
#.....#{o.###
##...........##..##.
#.............#..#..
##......)..........
.................# ..
.................##...
#.....#...............
#.##..##.%.........#


You could see an orc.

Vanquished Creatures
  A scorpion (D:2)
  9 adders
  3 oozes
  2 worms (D:2)
  2 dart slugs
  A leopard gecko (D:1)
  6 orcs
  5 giant cockroaches
  9 goblins
  10 hobgoblins
  8 jackals (D:2)
  2 quokkas
  12 bats
  2 frilled lizards (D:1)
  12 kobolds
  12 rats
96 creatures vanquished.

Notes
Turn   | Place    | Note
-------+----------+-------------------------------------------
     0 | D:1      | Jujuru the Minotaur Fighter began the quest for the Orb.
     0 | D:1      | Reached XP level 1. HP: 19/19 MP: 0/0
   202 | D:1      | Reached XP level 2. HP: 27/27 MP: 1/1
   267 | D:1      | Reached skill level 3 in Maces & Flails
   427 | D:1      | Reached XP level 3. HP: 31/33 MP: 2/2
  1180 | D:2      | Reached XP level 4. HP: 40/40 MP: 3/3
  1188 | D:2      | Found a radiant altar of Vehumet.
  1374 | D:2      | Reached skill level 4 in Maces & Flails
  1865 | D:2      | Reached XP level 5. HP: 34/47 MP: 4/4
  2470 | D:3      | Found a glowing golden altar of the Shining One.
  2704 | D:3      | Found a hazy altar of Hepliaklqana.
  2761 | D:3      | Reached skill level 5 in Maces & Flails
  2989 | D:4      | Mangled by an orc wizard

Illustrated notes

Levels and vault maps discovered:
D:1:      noname_arrival_rooms_in_the_neighbourhood, layout_basic,
          serial_forest, infiniplex_forest_clump_diagonal,
          infiniplex_forest_zigzag_2, infiniplex_forest_clump_medium,
          infiniplex_forest_clump_medium, infiniplex_forest_clump_double,
          infiniplex_forest_lined_corner
D:2:      layout_basic, lemuel_coloured_pillars_altar, minmay_goblin_outpost
D:3:      layout_rooms, minitemple
D:4:      cheibrodos_barr_body, layout_cave_pools

Skill      XL: |  1  2  3  4  5 |
---------------+----------------+-----
Maces & Flails | 3 4 5 |  5.0
Shields        | 4 |  4.8
Fighting       | 4 |  4.8
Armour         | 4 |  4.8

Action                   |  1- 3 |  4- 6 || total
-------------------------+-------+-------++-------
Melee: Flail             |   124 |   142 ||   266
       Headbutt          |     7 |    22 ||    29
  Eat: Chunk             |     1 |     6 ||     7
Armor: Scale mail        |    72 |    85 ||   157
Dodge: Dodged            |    38 |    57 ||    95
Block: Kite shield       |    54 |   100 ||   154
